Map: Blackburn LE

Players

JonSnow

  • Race: Zerg Zerg
  • League: Master

Neeb - Winner!

  • Race: Protoss Protoss

Event: DreamHack SC2 Masters 2021 Summer

VOD

Have the link to the VOD?

Description

Time

  • Played on: May 30, 2021, 3:55 p.m.
  • Length: 11:42

All games in this series

Show
View Real Time Build Order
Export as new Build Order

JonSnow Zerg 

Build Orders: Hatch First 

Get SALT Encoding   

  12  0:02  Drone  
  13  0:12  Overlord  
  13  0:17  Drone  
  14  0:30  Drone  
  14  0:31  Drone  
  16  0:48  Drone  
  17  0:52  Hatchery  
  17  0:55  Drone  
  17  0:59  Drone  
  18  1:09  Extractor  
  17  1:15  Spawning Pool  
  17  1:17  Drone  
  17  1:21  Drone  
  18  1:29  Drone  
  19  1:42  Drone  
  20  1:51  Overlord  
  20  2:02  Queen  
  20  2:04  Queen  
  20  2:05  Zergling x4  
  26  2:12  Metabolic Boost  
  26  2:16  Drone  
  26  2:19  Drone  
  29  2:22  Drone  
  29  2:28  Drone  
  30  2:44  Hatchery  
  30  2:48  Overlord  
  30  2:50  Drone  
  30  2:52  Drone  
  30  2:53  Drone  
  30  2:55  Zergling x2  
  33  3:00  Drone  
  33  3:04  Overlord  
  34  3:09  Drone  
  34  3:11  Drone x2  
  37  3:24  Drone x5  
  37  3:26  Spore Crawler  
  41  3:30  Queen  
  43  3:36  Spore Crawler  
  43  3:39  Queen  
  43  3:51  Drone  
  43  3:52  Drone x6  
  50  3:56  Zergling x2  
  50  4:04  Drone x2  
  50  4:09  Drone  
  52  4:10  Drone  
  52  4:11  Queen  
  52  4:13  Drone  
  53  4:19  Drone x3  
  53  4:22  Spore Crawler  
  54  4:25  Drone  
  54  4:26  Drone  
  57  4:31  Drone, Evolution Chamber  
  57  4:35  Drone  
  57  4:37  Overlord  
  57  4:40  Lair  
  57  4:44  Drone  
  58  4:51  Overlord  
  58  4:52  Overlord  
  58  4:53  Extractor  
  58  4:54  Extractor  
  56  5:01  Overlord  
  56  5:03  Zerg Melee Weapons Level 1  
  56  5:07  Drone x8  
  58  5:14  Drone x5  
  63  5:15  Drone  
  63  5:21  Drone  
  68  5:23  Drone x2  
  68  5:25  Drone x2  
  68  5:26  Baneling Nest  
  68  5:28  Drone  
  72  5:29  Extractor  
  72  5:30  Extractor  
  72  5:32  Drone x2  
  72  5:33  Drone  
  73  5:38  Drone x3  
  76  5:45  Drone x3  
  76  5:47  Drone  
  78  5:51  Extractor  
  78  5:52  Drone x2  
  78  5:53  Hydralisk Den  
  78  5:56  Drone x3  
  81  5:57  Overlord  
  81  6:04  Overlord  
  81  6:08  Overlord x2  
  81  6:09  Hatchery  
  80  6:14  Centrifical Hooks  
  80  6:22  Hydralisk x2  
  80  6:25  Overlord  
  84  6:26  Grooved Spines, Hydralisk x3  
  84  6:29  Hydralisk  
  84  6:31  Overseer  
  92  6:35  Hydralisk  
  92  6:36  Hydralisk  
  92  6:38  Hydralisk  
  98  6:45  Hydralisk x2  
  98  6:46  Hydralisk  
  98  6:47  Zergling x4  
  106  6:53  Hydralisk x2  
  108  6:54  Zergling x2  
  108  6:55  Zergling x4  
  108  6:57  Hydralisk  
  108  6:58  Zergling x4  
  115  7:02  Baneling x4  
  115  7:05  Zergling x8  
  118  7:09  Overlord x2  
  118  7:12  Baneling x4  
  118  7:27  Drone x9  
  127  7:33  Baneling x2  
  127  7:34  Hydralisk x3  
  127  7:36  Zergling x2  
  134  7:37  Muscular Augments  
  134  7:43  Hydralisk x3  
  140  7:44  Zergling x2  
  141  7:51  Zerg Melee Weapons Level 2  
  141  7:55  Extractor x2  
  141  7:57  Zergling x10  
  144  7:59  Baneling x4  
  144  8:00  Baneling x4  
  144  8:06  Baneling x5  
  141  8:16  Zergling x2  
  141  8:17  Zergling x10  
  139  8:25  Zergling x24  
  123  8:37  Hydralisk x8  
  124  8:43  Baneling  
  124  8:44  Baneling x7  
  124  8:45  Zergling x12  
  127  8:50  Hydralisk  
  127  8:51  Hydralisk  
  127  8:55  Drone x2  
  133  9:01  Baneling x8, Hydralisk  
  135  9:02  Hydralisk  
  135  9:05  Hatchery  
  135  9:07  Overlord x2  
  136  9:18  Hydralisk  
  136  9:19  Hydralisk x2  
  138  9:31  Hydralisk  
  138  9:32  Hydralisk x8  
  138  9:38  Hydralisk  
  156  9:39  Zergling x2  
  159  9:46  Overlord x5  
  159  9:57  Baneling x17  
  148  10:08  Zergling x20  
  146  10:18  Hydralisk x3  
  146  10:19  Hydralisk x2  
  152  10:26  Zergling x14  
  157  10:37  Hydralisk  
  157  10:38  Hydralisk x3  
  147  10:43  Hydralisk  
  147  10:44  Hydralisk  
  147  10:49  Hydralisk x2  
  127  10:55  Baneling x6, Hydralisk x5  
  134  11:04  Zergling x12  
  135  11:15  Zergling x12  
Show
View Real Time Build Order
Export as new Build Order

Neeb Protoss - Winner!

Build Orders: 1 Gate Expand, Oracle Opening, Archon Immortal 

Get SALT Encoding   

  12  0:00  Probe  
  13  0:12  Probe  
  14  0:20  Pylon  
  14  0:24  Probe  
  15  0:38  Probe (Chrono Boost)  
  15  0:41  Gateway  
  16  0:47  Probe (Chrono Boost)  
  17  0:50  Assimilator  
  17  0:52  Probe (Chrono Boost)  
  18  1:04  Probe  
  19  1:16  Probe  
  20  1:27  Nexus  
  20  1:38  Cybernetics Core  
  20  1:41  Probe  
  21  1:48  Assimilator  
  21  1:53  Probe  
  22  1:55  Pylon  
  22  2:05  Probe (Chrono Boost)  
  23  2:11  Adept (Chrono Boost)  
  23  2:15  Probe (Chrono Boost)  
  26  2:20  Probe (Chrono Boost)  
  27  2:23  Stargate  
  27  2:34  Probe (Chrono Boost), Adept  
  27  2:36  Warp Gate  
  30  2:40  Probe (Chrono Boost)  
  31  2:49  Probe (Chrono Boost)  
  31  2:50  Probe (Chrono Boost)  
  33  2:54  Probe (Chrono Boost)  
  33  2:57  Probe  
  35  3:04  Adept  
  35  3:05  Oracle (Chrono Boost)  
  37  3:06  Probe  
  37  3:09  Probe  
  42  3:14  Pylon  
  42  3:19  Probe  
  43  3:23  Gateway  
  43  3:25  Probe  
  44  3:31  Probe  
  45  3:34  Oracle (Chrono Boost)  
  45  3:37  Probe  
  49  3:43  Probe  
  49  3:47  Shield Battery  
  50  3:49  Probe, Pylon  
  50  3:55  Probe  
  52  4:03  Probe  
  52  4:09  Probe  
  54  4:11  Assimilator x2  
  54  4:18  Probe  
  54  4:22  Robotics Facility  
  51  4:25  Adept x2  
  51  4:26  Probe  
  51  4:29  Nexus  
  56  4:31  Pylon, Forge  
  56  4:33  Probe  
  57  4:38  Probe  
  59  4:45  Probe, Sentry  
  59  4:49  Sentry  
  59  4:50  Pylon  
  63  4:54  Probe  
  63  4:55  Shield Battery  
  63  4:57  Gateway x2  
  64  5:00  Probe  
  64  5:06  Probe  
  66  5:10  Protoss Ground Weapons Level 1 (Chrono Boost)  
  66  5:12  Probe, Immortal (Chrono Boost)  
  67  5:16  Sentry  
  67  5:18  Probe, Stalker  
  76  5:27  Probe  
  76  5:28  Pylon  
  77  5:30  Probe  
  78  5:40  Twilight Council  
  78  5:41  Probe  
  78  5:42  Probe  
  80  5:45  Immortal (Chrono Boost)  
  80  5:46  Probe  
  85  5:53  Probe  
  85  5:54  Probe  
  85  5:56  Assimilator  
  87  5:57  Assimilator  
  87  5:58  Probe  
  87  6:00  Pylon  
  87  6:04  Pylon  
  88  6:05  Probe  
  88  6:07  Probe  
  90  6:13  Probe  
  90  6:17  Probe  
  92  6:19  Probe  
  92  6:21  Charge (Chrono Boost), Gateway  
  92  6:22  Gateway  
  92  6:24  Gateway  
  92  6:25  Probe  
  94  6:26  Templar Archives  
  94  6:27  Observer (Chrono Boost)  
  95  6:33  Gateway  
  95  6:40  Pylon, Warp Prism (Chrono Boost)  
  95  6:42  Probe  
  95  6:43  Pylon  
  98  6:49  Psionic Storm  
  98  7:07  Protoss Ground Weapons Level 2 (Chrono Boost)  
  98  7:08  Nexus  
  95  7:09  High Templar x3  
  95  7:11  Pylon  
  101  7:16  High Templar  
  101  7:18  Photon Cannon  
  101  7:19  Shield Battery  
  101  7:21  Pylon, Immortal  
  107  7:31  Zealot x2  
  107  7:34  Shield Battery  
  107  7:36  Shield Battery  
  111  7:38  Probe x3  
  114  7:50  High Templar x2  
  118  7:52  Probe x3  
  118  7:54  High Templar x2  
  118  7:55  Zealot x4  
  133  7:58  Archon  
  133  8:06  Photon Cannon, Immortal  
  135  8:14  Assimilator x2  
  131  8:21  Zealot x4  
  131  8:26  Probe  
  130  8:29  Zealot x3  
  130  8:32  Probe  
  134  8:38  High Templar  
  134  8:39  Probe x2  
  125  8:44  Probe  
  120  8:49  Probe  
  120  8:51  Probe, High Templar x2  
  120  8:52  High Templar x2  
  130  8:57  Archon x2  
  130  9:00  Zealot x3  
  136  9:03  Photon Cannon  
  136  9:05  Gateway  
  136  9:07  Photon Cannon  
  136  9:09  Gateway, Photon Cannon  
  136  9:11  Immortal (Chrono Boost)  
  136  9:13  Photon Cannon  
  136  9:16  Pylon  
  140  9:33  Fleet Beacon  
  140  9:34  Photon Cannon  
  140  9:37  Stargate  
  140  9:38  High Templar x2, Stargate  
  140  9:41  Protoss Air Weapons Level 1 (Chrono Boost)  
  140  9:44  Archon  
  144  9:47  Photon Cannon, Shield Battery  
  144  9:50  Pylon  
  142  9:59  High Templar x2  
  146  10:06  Archon  
  142  10:08  Archon  
  134  10:17  High Templar  
  134  10:18  High Templar  
  138  10:21  Zealot x4  
  138  10:22  Archon  
  138  10:23  Archon  
  142  10:33  Carrier x2, Zealot x4  
  146  10:37  Carrier  
  128  10:45  Zealot x2  
  128  10:46  Zealot x2  
  140  10:52  Zealot x2  
  144  11:03  Zealot x4  
  150  11:07  Zealot x4  
  148  11:14  Zealot x2  
  138  11:24  Zealot x6  
  144  11:27  Zealot x2  
  144  11:28  Zealot x2  
Tags
 
Add a new tag
Caveats
  • Supply blocks, unpowered buildings, or Contaminate may cause inaccurate times.
  • Supply counts are checked every 10 seconds.